 Dungeon Crawl Stone Soup version 0.18-a0-1800-gdc7a371 (webtiles) character file.

3840 Melicamp the Grappler (level 9, -3/88 HPs)
             Began as a Troll Monk on Apr 24, 2016.
             Was an Elder of Nemelex Xobeh.
             Succumbed to a killer bee's poison
             ... on level 7 of the Dungeon.
             The game lasted 01:41:46 (8869 turns).

Melicamp the Grappler (Troll Monk)                  Turns: 8869, Time: 01:41:46

Health: -3/88      AC:  7    Str: 24    XL:     9   Next: 98%
Magic:  17/18      EV: 13    Int:  4    God:    Nemelex Xobeh [****..]
Gold:   303        SH:  0    Dex: 12    Spells: 0 memorised, 8 levels left

rFire  . . .     SeeInvis .       - Unarmed
rCold  + + +     Gourm    +     y - +0 robe
rNeg   . . .     Faith    .     (no shield)
rPois  .         Spirit   .     (helmet restricted)
rElec  .         Dismiss  .     L - +1 cloak {MR+}
rCorr  .         Reflect  .     (gloves unavailable)
SustAt .         Harm     .     (boots unavailable)
MR     ++...                    c - amulet of the gourmand
Stlth  ++........               f - ring "Fofa" {+Inv +Fly rC+++ MP+9 Int-2}
                                e - ring of protection from magic

@: lethally poisoned (-3 -> -50), very resistant to hostile enchantments,
unstealthy
A: unfitting armour, claws 3, fast metabolism 3, gourmand, regeneration 2,
shaggy fur 1, tough skin 2
a: Triple Draw, Deal Four, Renounce Religion, Evoke Invisibility, Evoke Flight


You were on level 7 of the Dungeon.
You worshipped Nemelex Xobeh.
Nemelex Xobeh was greatly pleased with you.
You were not hungry.

You visited 2 branches of the dungeon, and saw 9 of its levels.

You collected 303 gold pieces.

Inventory:

Missiles
 b - 43 poisoned needles (quivered)
Armour
 y - a +0 robe (worn)
 L - a +1 cloak of magic resistance (worn)
Jewellery
 c - an amulet of the gourmand (around neck)
 e - a ring of protection from magic (left claw)
 f - the ring "Fofa" (right claw) {+Inv +Fly rC+++ MP+9 Int-2}
   (You found it on level 4 of the Dungeon)

   [ring of flight]

   It affects your intelligence (-2).
   It renders you almost immune to cold.
   It affects your magic capacity (+9).
   It lets you turn invisible.
   It lets you fly.
 J - an uncursed ring of sustain attributes {unknown}
Wands
 g - a wand of polymorph (16/24)
 w - a wand of heal wounds (1/9)
 G - a wand of random effects (2/48)
Scrolls
 a - 2 scrolls of magic mapping {unknown}
 d - 2 scrolls of remove curse
 n - 2 scrolls of teleportation
 u - 4 scrolls of identify
 x - a scroll of random uselessness {unknown}
 z - 2 scrolls of immolation
 B - 2 scrolls of enchant weapon {unknown}
Potions
 k - a potion of lignification {unknown}
 m - 2 potions of haste
 p - a potion of heal wounds {unknown}
 r - a potion of degeneration {unknown}
 s - a potion of brilliance
 A - a potion of berserk rage {unknown}
 E - a potion of curing
 F - a potion of might {unknown}
Miscellaneous
 i - a plain deck of destruction
 l - a plain deck of destruction
 o - a plain deck of escape {drawn: 1}
 t - a plain deck of destruction {drawn: 5}
 C - a plain deck of war
 D - a plain deck of destruction
 H - an ornate deck of destruction {drawn: 3}
 I - a plain deck of escape
 K - a plain deck of war
Comestibles
 h - a beef jerky
 j - 3 fruits
 q - 3 meat rations
 v - a bread ration


   Skills:
 + Level 5.2 Fighting
   Level 0.1 Polearms
 + Level 7.2 Dodging
 + Level 3.0 Stealth
 * Level 10.0 Unarmed Combat
 + Level 1.9 Evocations


You had 8 spell levels left.
You didn't know any spells.

Dungeon Overview and Level Annotations

Branches:
Dungeon (8/15)             Temple (1/1) D:4
   Lair: D:8-11

Altars:
Ashenzari
Cheibriados
Dithmenos
Elyvilon
Fedhas
Gozag
Makhleb
Nemelex Xobeh
Pakellas
Qazlal
Ru
Sif Muna
Trog
Xom
Yredelemnul
Zin
The Shining One

Shops:
D:5 }   D:6 (


Innate Abilities, Weirdness & Mutations

You are too large for most types of armour.
You have claws for hands.
Your metabolism is lightning-fast.
You like to eat raw meat.
You heal very quickly.
You are covered in fur (AC +1).
You have very tough skin (AC +2).


Message History

The killer bee poisons you! The killer bee stings you.
* * * LOW HITPOINT WARNING * * *
The killer bee completely misses you.
You claw the killer bee!
The killer bee is heavily wounded.
* * * LOW HITPOINT WARNING * * *
You feel very sick. The killer bee stings you!
* * * LOW HITPOINT WARNING * * *
You are more poisoned.
The killer bee poisons you! The killer bee stings you.
* * * LOW HITPOINT WARNING * * *
You are more poisoned.
The killer bee poisons you!
The killer bee stings you but does no damage.
You mangle the killer bee!!
You kill the killer bee!
Your Unarmed Combat skill increases to level 10!
You die...
Your body disappears without a glow.

########### #.........#
#.#######.# #.# #.#
####.#######.#####
..............g†@#
.......#####.###y######
####.....# #.##.y.....# ###
####.....# #.##..####.# #.#
.........###.##..##...######.#
####.....##...........#......#
######'####..##..##.###.####.#
........# #..##..##.# #.# #.#
...###..# #..##..##.# #.# #.#


You could see 2 killer bees and a gnoll.

Vanquished Creatures
  An unseen horror (D:6)
  Pikel (D:4)
  Sigmund (D:4)
  Eustachio (D:5)
  A water moccasin (D:7)
  An orc warrior (D:6)
  An ice beast (D:6)
  A phantom (D:4)
  A wasp (D:7)
  3 ogres
  A centaur (D:5)
  A big kobold (D:6)
  2 giant frogs
  A scorpion (D:7)
  2 killer bees
  3 howler monkeys
  4 crimson imps
  3 jellies
  2 quasits
  8 hounds
  6 orc priests
  Crazy Yiuf (D:7)
  5 orc wizards
  A giant frog skeleton (D:6)
  3 iguanas
  Jessica (D:3)
  6 worker ants
  A hound skeleton (D:7)
  4 adders
  A river rat (D:6)
  2 shadow imps
  An ooze (D:5)
  An adder zombie (D:6)
  4 worms
  3 dart slugs
  4 giant geckos
  44 orcs
  3 giant cockroaches
  3 goblins
  8 hobgoblins
  7 jackals
  4 quokkas
  5 bats
  5 giant newts
  8 kobolds
  6 rats
  A spectral orc (D:5)
  2 bushes (Temple)
179 creatures vanquished.

Vanquished Creatures (collateral kills)
  A jelly (D:5)
  Terence (D:2)
  A goblin (D:2)
  A hobgoblin (D:2)
  4 jackals (D:5)
8 creatures vanquished.

Vanquished Creatures (others)
  A slave (D:4)
  3 orcs (D:4)
4 creatures vanquished.

Grand Total: 191 creatures vanquished

Notes
Turn   | Place    | Note
--------------------------------------------------------------
     0 | D:1      | Melicamp the Troll Monk began the quest for the Orb.
     0 | D:1      | Reached XP level 1. HP: 22/22 MP: 0/0
   387 | D:1      | Reached XP level 2. HP: 29/29 MP: 1/1
   934 | D:2      | Found a sparkling altar of Nemelex Xobeh.
   934 | D:2      | Found a snail-covered altar of Cheibriados.
   992 | D:2      | Became a worshipper of Nemelex Xobeh the Trickster
   992 | D:2      | Received a gift from Nemelex Xobeh
   992 | D:2      | Reached * piety under Nemelex Xobeh
   992 | D:2      | Received a gift from Nemelex Xobeh
   992 | D:2      | Reached ** piety under Nemelex Xobeh
  1119 | D:2      | Noticed Terence
  1199 | D:2      | Killed Terence
  1199 | D:2      | Reached XP level 3. HP: 36/36 MP: 2/2
  1515 | D:2      | Received a gift from Nemelex Xobeh
  1895 | D:2      | Found a shimmering altar of Xom.
  2136 | D:3      | Reached XP level 4. HP: 36/44 MP: 3/3
  2238 | D:3      | Found a bloodstained altar of Trog.
  2256 | D:3      | Found a burning altar of Makhleb.
  2412 | D:3      | Found an oddly glowing altar of Pakellas.
  2560 | D:3      | Noticed Jessica
  2562 | D:3      | Killed Jessica
  2572 | D:3      | Found a deep blue altar of Sif Muna.
  2740 | D:3      | Found a faded altar to an unknown god.
  2747 | D:3      | Received a gift from Nemelex Xobeh
  2752 | D:3      | Reached XP level 5. HP: 50/52 MP: 4/4
  2798 | D:3      | Reached *** piety under Nemelex Xobeh
  3370 | D:4      | Noticed Pikel
  3370 | D:4      | Noticed a slave
  3370 | D:4      | Noticed a slave
  3370 | D:4      | Noticed a slave
  3370 | D:4      | Noticed a slave
  3390 | D:4      | Killed Pikel
  3390 | D:4      | Reached skill level 6 in Unarmed Combat
  3390 | D:4      | Reached XP level 6. HP: 35/61 MP: 5/5
  3390 | D:4      | Reached XP level 7. HP: 39/67 MP: 6/6
  3492 | D:4      | Found a staircase to the Ecumenical Temple.
  3545 | D:4      | Got a transparent pewter ring
  3551 | D:4      | Identified the ring "Fofa" {+Inv +Fly rC+++ MP+9 Int-2} (You found it on level 4 of the Dungeon)
  3625 | D:4      | Noticed Sigmund
  3668 | D:4      | Killed Sigmund
  3668 | D:4      | Reached skill level 5 in Dodging
  4142 | D:4      | You fall through a shaft for 2 floors!
  4157 | D:6      | Reached XP level 8. HP: 50/78 MP: 7/7
  4181 | D:6      | Reached skill level 7 in Unarmed Combat
  4356 | D:6      | Reached skill level 1 in Evocations
  4519 | D:6      | Killed an unseen horror
  4519 | D:6      | Reached skill level 8 in Unarmed Combat
  4529 | D:6      | Received a gift from Nemelex Xobeh
  4533 | D:5      | Entered Level 5 of the Dungeon
  4651 | D:5      | Noticed Eustachio
  4675 | D:5      | Reached XP level 9. HP: 74/85 MP: 8/8
  4688 | D:5      | Killed Eustachio
  4954 | D:5      | Found Wuggioxzyeh's Quality Used Wands.
  5256 | D:5      | Received a gift from Nemelex Xobeh
  5346 | D:5      | Found a basalt altar of Yredelemnul.
  5735 | Temple   | Entered the Ecumenical Temple
  5735 | Temple   | Received a gift from Nemelex Xobeh
  5769 | Temple   | Reached **** piety under Nemelex Xobeh
  6125 | D:4      | Found a shadowy altar of Dithmenos.
  6449 | D:6      | Found a stormy altar of Qazlal.
  6584 | D:6      | Reached skill level 5 in Fighting
  6694 | D:6      | Received a gift from Nemelex Xobeh
  6782 | D:6      | Reached skill level 9 in Unarmed Combat
  6971 | D:6      | Found Guca Rarr's Weapon Shop.
  7583 | D:7      | Received a gift from Nemelex Xobeh
  8141 | D:7      | Noticed Crazy Yiuf
  8146 | D:7      | Killed Crazy Yiuf
  8806 | D:7      | Found a glowing golden altar of the Shining One.
  8842 | D:8      | Received a gift from Nemelex Xobeh
  8868 | D:7      | HP: 2/88 [killer bee (3)]
  8869 | D:7      | Reached skill level 10 in Unarmed Combat
  8869 | D:7      | Succumbed to a killer bee's poison

Vault maps used:
D:1:      dpeg_arrival_short_road
D:2:      lemuel_doored_altar, lemuel_coloured_pillars_altar,
          lemuel_crystal_altar, uniq_terence
D:3:      tgw_sif, makhleb_heckhound_becter, nicolae_overflow_hidden_temple,
          nicolae_overflow_crystal_walls, ecumenical_altar_2
D:4:      minmay_temple_entry_glass, first_bread, minmay_item_behind_shaft,
          grunt_dithmenos_smoke_and_mirrors, uniq_pikel, uniq_sigmund
D:5:      yredelemnul_forgotten_temple_becter, nicolae_for_you_no_charge,
          uniq_eustachio
D:6:      old_standard_altar, gup_sewer_entry_spiral, serial_shops,
          nicolae_shop_trees, minmay_misc_feat_iff
D:7:      kennysheep_mini, nicolae_ossuary_entry_plus, uniq_crazy_yiuf_cottage
D:8:      lemuel_mausoleum_altar_kikubaaqudgha, erik_lair_island, david_nohive_1
Temple:   temple_island_7

Skill      XL: |  1  2  3  4  5  6  7  8  9 |
---------------+----------------------------+-----
Dodging        | 3 4 5 6 7 |  7.2
Fighting       | 3 4 5 |  5.2
Unarmed Combat | 6 8 10 | 10.0
Stealth        | 2 3 |  3.0
Evocations     | 1 |  1.9
Polearms       | |  0.1

Action                   |  1- 3 |  4- 6 |  7- 9 || total
-------------------------+-------+-------+-------++-------
Melee: Unarmed           |    66 |    53 |   352 ||   471
       Punch             |       |     2 |    13 ||    15
       Scythe            |       |       |     3 ||     3
Invok: Triple Draw       |       |       |     2 ||     2
 Abil: Evoke Invisibilit |       |       |     1 ||     1
       Evoke Flight      |       |       |     1 ||     1
Evoke: Deck              |     2 |     4 |     5 ||    11
       Wand              |       |       |    10 ||    10
  Use: Scroll            |     1 |     6 |     3 ||    10
       Potion            |       |     2 |     2 ||     4
 Stab: Sleeping          |       |     1 |     1 ||     2
       Distracted        |       |       |     2 ||     2
  Eat: Bread ration      |     3 |       |     6 ||     9
       Chunk             |     2 |     9 |    18 ||    29
       Fruit             |     1 |     1 |       ||     2
       Pizza             |       |     1 |       ||     1
       Meat ration       |       |       |     2 ||     2
Armor: Robe              |    45 |    12 |    86 ||   143
       Animal skin       |       |       |     4 ||     4
Dodge: Dodged            |    57 |    24 |   176 ||   257
